 Dungeon Crawl Stone Soup version 0.19-a0-734-ge18daf0 (webtiles) character file.

81 mistymad the Shooter (level 4, -2/38 HPs)
             Began as a Centaur Hunter on June 22, 2016.
             Killed from afar by an orc wizard (12 damage)
             ... with a puff of flame
             ... on level 3 of the Dungeon.
             The game lasted 00:03:38 (1724 turns).

mistymad the Shooter (Centaur Hunter)               Turns: 1724, Time: 00:03:39

Health: -2/38      AC:  4    Str: 14    XL:     4   Next: 20%
Magic:  4/4        EV:  9    Int: 10    God:
Gold:   149        SH:  0    Dex: 11    Spells: 0 memorised, 3 levels left

rFire  . . .     SeeInvis .     p - +0 dagger (flame)
rCold  . . .     Gourm    .     c - +0 leather armour
rNeg   . . .     Faith    .     (no shield)
rPois  .         Spirit   .     (no helmet)
rElec  .         Dismiss  .     (no cloak)
rCorr  .         Reflect  .     (no gloves)
SustAt .         Harm     .     (no barding)
MR     .....                    (no amulet)
Stlth  +.........               (no ring)
                                (no ring)

@: very quick, not resistant to hostile enchantments, very unstealthy
A: hooves 3, deformed body, speed 2, tough skin 3
a: no special abilities


You were on level 3 of the Dungeon.
You were not hungry.

You visited 1 branch of the dungeon, and saw 3 of its levels.

You collected 149 gold pieces.

Inventory:

Hand Weapons
 a - a +1 shortbow
 p - a +0 dagger of flaming (weapon)
Missiles
 d - 86 arrows
Armour
 c - a +0 leather armour (worn)
Jewellery
 l - a cursed -2 ring of protection {unknown}
 m - an uncursed ring of ice {unknown}
Scrolls
 b - a scroll of fear {unknown}
 e - 2 scrolls of noise {unknown}
 n - a scroll of magic mapping {unknown}
 o - a scroll of amnesia {unknown}
 q - a scroll of enchant armour {unknown}
Potions
 g - 2 potions of curing
 h - a potion of magic
 k - a potion of lignification {unknown}
 r - a potion of haste {unknown}
Comestibles
 f - 2 bread rations
 i - a slice of pizza
 j - a meat ration


   Skills:
 + Level 3.3 Fighting
 + Level 6.7 Bows
 - Level 1.3 Dodging
 - Level 0.5 Stealth


You had 3 spell levels left.
You didn't know any spells.

Dungeon Overview and Level Annotations

Branches:
Dungeon (3/15)

Altars:
Ru
Yredelemnul


Innate Abilities, Weirdness & Mutations

You have hooves in place of feet.
Armour fits poorly on your strangely shaped body.
You cover ground very quickly.
You have extremely tough skin. (AC +3)


Message History

You hit something. You burn something. Something hits you.
You take 1 damage, and have 24/38 hp.
You completely miss something. Something hits you but does no damage.
You hit something but do no damage. Your kick misses something.
You hear some strange, mumbled words.
A magic dart appears from out of thin air!
The magic dart hits you!
You take 8 damage, and have 16/38 hp.
MASSIVE DAMAGE!!
You barely miss something. You kick something.
You hear some strange, mumbled words.
A magic dart appears from out of thin air!
The magic dart hits you!
* * * LOW HITPOINT WARNING * * *
You take 6 damage, and have 10/38 hp.
Unknown command.
It was a potion of magic.
Magic courses through your body.
You hear some strange, mumbled words.
A puff of flame appears from out of thin air!
The puff of flame hits you!
You die...

## ##.# .# ######.
..###.# #......
#####.....# #......
... .... .# #......
#.###..##.# #......
#.#.......#
#.....o###.###.....#
#....oo)@$.........#
#.....o###.###..#..#
#...... #......#..#
#...... #####.....#
#...... #.##..#
#...... #.##<.#
#...... ..##...#
######. .........#
....####


You could see 4 orcs.

Vanquished Creatures
  Ijyb (D:2)
  An adder (D:2)
  2 dart slugs (D:2)
  A giant gecko (D:2)
  4 orcs (D:3)
  6 bats
  2 giant cockroaches (D:2)
  4 goblins
  2 hobgoblins (D:2)
  A jackal (D:2)
  2 quokkas (D:2)
  2 giant newts
  6 kobolds
  4 rats
38 creatures vanquished.

Notes
Turn   | Place    | Note
--------------------------------------------------------------
     0 | D:1      | mistymad the Centaur Hunter began the quest for the Orb.
     0 | D:1      | Reached XP level 1. HP: 17/17 MP: 1/1
   492 | D:1      | Reached XP level 2. HP: 25/25 MP: 2/2
   678 | D:2      | Noticed Ijyb
   698 | D:2      | Killed Ijyb
   698 | D:2      | Reached skill level 6 in Bows
   698 | D:2      | Reached XP level 3. HP: 19/31 MP: 3/3
  1019 | D:2      | Found a sacrificial altar of Ru.
  1205 | D:2      | Reached XP level 4. HP: 15/38 MP: 4/4
  1526 | D:2      | Found a basalt altar of Yredelemnul.
  1724 | D:3      | Killed from afar by an orc wizard

Vault maps used:
D:1:      sevenhm_arrival_forest_fort_small_6, grunt_decor_one_mirror
D:2:      yredelemnul_altar_generic, nicolae_ru_great_annihilating_truth,
          uniq_iyjb
D:3:      nicolae_overflow_hidden_temple, tso_metal_star, ecumenical_altar_1,
          uniq_terence, uniq_natasha, uniq_jessica

Skill      XL: |  1  2 |
---------------+-------+-----
Fighting       | 3 |  3.3
Bows           | 6 |  6.7
Dodging        | |  1.3
Stealth        | |  0.5

Action                   |  1- 3 |  4- 6 || total
-------------------------+-------+-------++-------
Melee: Short sword       |    37 |       ||    37
       Kick              |    19 |     7 ||    26
       Dagger            |    76 |    42 ||   118
 Fire: Shortbow          |    16 |       ||    16
  Use: Potion            |     1 |     1 ||     2
 Stab: Invisible         |     1 |       ||     1
       Paralysed         |     1 |       ||     1
  Eat: Chunk             |       |     2 ||     2
Armor: Leather armour    |    49 |    11 ||    60
Dodge: Dodged            |    51 |    15 ||    66
